 Dungeon Crawl Stone Soup version 0.23.1-38-g628c18f423 (webtiles) character file.

Game seed: 6279674533067773980

3013 Banto the Quickloader (level 9, -1/64 HPs)
             Began as a Demigod Wanderer on Mar 29, 2019.
             Killed by drain life
             ... invoked by a soul eater
             ... summoned by an orc high priest
              (17 damage)
             ... in a bailey.
             The game lasted 00:10:41 (8268 turns).

Banto the Quickloader (Demigod Wanderer)            Turns: 8268, Time: 00:10:41

Health: -1/64      AC: 12    Str: 24    XL:     9   Next: 30%
Magic:  11/11      EV: 13    Int: 15    God:
Gold:   322        SH:  0    Dex: 18    Spells: 8/8 levels left

rFire    . . .     SeeInvis .   p - +1 falchion (elec)
rCold    . . .     Gourm    .   (no shield)
rNeg     . . .     Faith    .   h - +0 ring mail
rPois    .         Spirit   .   q - +2 helmet
rElec    .         Reflect  .   (no cloak)
rCorr    .         Harm     .   v - +2 pair of gloves
MR       .....                  l - +0 pair of boots
Stlth    +.........             (no amulet)
HPRegen  0.20/turn              o - +5 ring of strength
MPRegen  0.12/turn              (no ring)

@: no status effects
A: high mp 1
a: no special abilities


You were in a bailey.
You were not hungry.

You visited 2 branches of the dungeon, and saw 9 of its levels.
You also visited: Bailey.

You collected 322 gold pieces.

Inventory:

Hand Weapons
 a - a +3 hand crossbow
 p - a +1 falchion of electrocution (weapon)
 w - a +1 scimitar of protection
Missiles
 b - 78 bolts
Armour
 h - a +0 ring mail (worn)
 l - a +0 pair of boots (worn)
 q - a +2 helmet (worn)
 v - a +2 pair of gloves (worn)
Jewellery
 o - a +5 ring of strength (left hand)
Wands
 i - a wand of enslavement (7)
 r - a wand of random effects (28)
 t - a wand of flame (24)
 u - a wand of polymorph (10)
 y - a wand of scattershot (4)
 B - a wand of paralysis (9)
Scrolls
 e - 2 scrolls of teleportation
 f - 3 scrolls of amnesia
 k - 3 scrolls of remove curse
 z - a scroll of fear
Potions
 c - a potion of haste
 d - a potion of agility {unknown}
 j - 5 potions of flight
 m - 5 potions of curing
 n - 3 potions of heal wounds
 s - a potion of might
Comestibles
 g - 9 rations
 x - 5 chunks of flesh


   Skills:
 - Level 1.0 Fighting
 + Level 7.8 Long Blades
 + Level 9.1 Crossbows
 - Level 1.0 Throwing
 - Level 1.7 Armour
 - Level 3.5 Dodging
 - Level 1.0 Stealth
 - Level 1.0 Unarmed Combat


You had 8 spell levels left.
You didn't know any spells.
Your spell library contained the following spells:

 Spells                   Type           Power        Failure   Level  Hunger
 Magic Dart               Conj           #...         38%         1    ##.....
 Blink                    Tloc           N/A          54%         2    ###....
 Call Imp                 Summ           #.......     54%         2    ###....
 Slow                     Hex            #.......     54%         2    ###....
 Conjure Flame            Conj/Fire      #.......     77%         3    ####...
 Mephitic Cloud           Conj/Pois/Air  #.......     77%         3    ####...


Dungeon Overview and Level Annotations

Branches:
Dungeon (8/15)             Temple (1/1) D:4
   Lair: D:8-11

Shops:
D:7 }


Innate Abilities, Weirdness & Mutations

You have an increased reservoir of magic. (+10% MP)


Message History

There is a large open door here.
The hellwing closely misses you. The hellwing hits you.
There is an open gate here.
The hellwing swoops through the air toward you!
The hellwing hits you.
The hellwing hits you but does no damage.
Things that are here:
a +0 hand axe; a +0 leather armour The hellwing hits you! x2
Things that are here:
a +0 war axe; a +0 ring mail The hellwing misses you.
You riposte.
You hit the hellwing but do no damage. Lightning courses through the hellwing!
The hellwing is lightly wounded.
The hellwing barely misses you.
Unknown command.
The soul eater draws from the surrounding life force!
* * * LOW HITPOINT WARNING * * *
The soul eater draws from the surrounding life force!
You die...

####.3#..⌠..#
#..'.....+
#..'3....+
#####'''#####
#....)......#
##≈≈≈≈)))≈≈≈≈##
≈≈≈≈≈≈≈≈.4o≈≈≈≈≈≈≈
≈≈≈≈≈≈≈≈...≈≈≈≈≈≈≈
≈≈≈≈≈≈≈≈.@.≈≈≈≈≈≈≈
≈≈≈≈≈≈≈≈...≈≈≈≈≈≈≈
≈≈≈≈≈.........≈≈≈≈
######.......#####
#.......#
#.......#
#...∩...#
#.......#
###...###


You could see a soul eater, a hellwing and an orc.

Vanquished Creatures
  A hippogriff (D:8)
  2 wraiths (D:7)
  A hungry ghost (D:7)
  A phantom (D:6)
  A sky beast (D:6)
  An orc warrior (Bailey)
  An ice beast (D:6)
  2 centaurs
  4 ogres
  An elf zombie (D:7)
  4 bullfrogs
  4 scorpions
  A wight (D:7)
  3 crimson imps
  A hound (D:7)
  4 orc priests
  4 human zombies (D:7)
  A jelly (D:5)
  A centaur skeleton (D:8)
  2 orc wizards (D:4)
  Ijyb (D:4)
  A human skeleton (D:7)
  5 worker ants
  An ogre skeleton (D:7)
  A hound zombie (D:5)
  A mummy (D:7)
  Robin (D:3)
  7 gnolls
  4 adders
  2 shadow imps
  An ooze (D:7)
  2 adder skeletons (D:5)
  5 worms
  2 dart slugs
  5 leopard geckos
  27 orcs
  8 bats
  6 giant cockroaches
  26 goblins
  8 hobgoblins
  9 jackals
  3 quokkas
  A ball python (D:3)
  5 frilled lizards
  A jackal skeleton (D:4)
  7 kobolds
  A leopard gecko skeleton (D:8)
  An orc zombie (D:7)
  A quokka skeleton (D:5)
  9 rats
192 creatures vanquished.

Notes
Turn   | Place    | Note
-------+----------+-------------------------------------------
     0 | D:1      | Banto the Demigod Wanderer began the quest for the Orb.
     0 | D:1      | Banto set off with the following items: a +2 hand crossbow,
                  | 22 bolts, a +0 shortbow, 30 arrows, a scroll of
                  | teleportation, a +0 robe, a ration
     0 | D:1      | Reached XP level 1. HP: 16/16 MP: 3/3
   426 | D:1      | Reached skill level 3 in Crossbows
   649 | D:2      | Noticed a crimson imp
   659 | D:2      | Killed a crimson imp
   659 | D:2      | Reached XP level 2. HP: 16/23 MP: 4/4
   659 | D:2      | Reached XP level 3. HP: 19/28 MP: 5/5
  1172 | D:2      | Found a bloodstained altar of Trog.
  1172 | D:2      | Found a basalt altar of Yredelemnul.
  1272 | D:2      | Found a sparkling altar of Nemelex Xobeh.
  1894 | D:3      | Found a shimmering altar of Xom.
  1896 | D:3      | Reached XP level 4. HP: 33/35 MP: 6/6
  2352 | D:3      | Reached skill level 4 in Crossbows
  2482 | D:3      | Found a shadowy altar of Dithmenos.
  2639 | D:3      | Reached XP level 5. HP: 40/40 MP: 7/7
  3042 | D:3      | Noticed Robin
  3124 | D:3      | Killed Robin
  3228 | D:4      | Reached skill level 1 in Long Blades
  3324 | D:4      | Reached XP level 6. HP: 37/47 MP: 8/8
  3480 | D:4      | Reached skill level 5 in Crossbows
  3890 | D:4      | Noticed Ijyb
  3906 | D:4      | Killed Ijyb
  3930 | D:4      | Found a staircase to the Ecumenical Temple.
  3941 | Temple   | Entered the Ecumenical Temple
  4174 | D:5      | Entered Level 5 of the Dungeon
  4238 | D:5      | Found a sacrificial altar of Ru.
  4272 | D:5      | Reached XP level 7. HP: 48/52 MP: 9/9
  4645 | D:5      | Found an ornate altar of the Wu Jian Council.
  4715 | D:5      | Reached skill level 6 in Crossbows
  6035 | D:6      | Reached skill level 5 in Long Blades
  6035 | D:6      | Reached skill level 7 in Crossbows
  6035 | D:6      | Reached XP level 8. HP: 59/59 MP: 10/10
  6632 | D:7      | Found Kusomos's Gadget Shop.
  6660 | D:7      | Reached skill level 8 in Crossbows
  6774 | D:7      | Found a basalt altar of Yredelemnul.
  7183 | D:7      | Reached XP level 9. HP: 55/64 MP: 11/11
  7779 | D:8      | Reached skill level 9 in Crossbows
  7900 | D:8      | Found an iron altar of Okawaru.
  7914 | D:8      | Found a flagged portal.
  8024 | Bailey   | Entered a bailey
  8252 | Bailey   | Found an iron altar of Okawaru.
  8252 | Bailey   | Noticed an orc high priest
  8252 | Bailey   | Noticed an orc high priest
  8254 | Bailey   | Noticed an ice devil
  8255 | Bailey   | Noticed a hellwing
  8255 | Bailey   | Noticed a soul eater
  8268 | Bailey   | Killed from afar by a soul eater

Skill      XL: |  1  2  3  4  5  6  7  8  9 |
---------------+----------------------------+-----
Crossbows      | 3 4 5 7 8 9 |  9.1
Dodging        | 2 3 |  3.5
Long Blades    | 1 3 5 7 |  7.8
Fighting       | |  1.0
Throwing       | |  1.0
Armour         | |  1.7
Stealth        | |  1.0
Unarmed Combat | |  1.0

Action                   |  1- 3 |  4- 6 |  7- 9 || total
-------------------------+-------+-------+-------++-------
Melee: Mace              |    99 |   100 |       ||   199
       Punch             |     1 |     1 |     1 ||     3
       Falchion          |       |   106 |   276 ||   382
       Scimitar          |       |       |     5 ||     5
 Fire: Hand crossbow     |    21 |    80 |       ||   101
  Use: Scroll            |     3 |     7 |     2 ||    12
 Stab: Sleeping          |     1 |       |       ||     1
       Distracted        |       |       |     1 ||     1
  Eat: Chunk             |     3 |     8 |    14 ||    25
Armor: Ring mail         |    47 |   131 |   105 ||   283
Dodge: Dodged            |    65 |   193 |   178 ||   436
       Rpst.: Falchion   |       |    22 |    54 ||    76
